AoeStats
← Jeronimoo

Arena

509696238Analyzed
4v4 RM · 6d ago on Sep 27, 2026· 50m 59s· 8 players
Game mode
Random Map
Map size
Large (8 player)
Population
200
Speed
Normal
Resources
Standard
Victory
Conquest
Starting age
Dark Age
Ending age
Imperial Age
RankedLock teamsTeams togetherTeam positionsShared explorationLock speedFull tech treeHidden civsTurbo modeCheats
Victory
Defeat
🇩🇪 Turks · Germany
846
+14
🇩🇪 Franks · Germany
804
+15
🇩🇪 Bohemians · Germany
803
+15
🇩🇪 Spanish · Germany
786
+16
🇪🇸 Goths · Spain
829
-16
🇩🇪 Byzantines · Germany
790
-15
🇹🇷 Cumans · Türkiye
788
-15
🇦🇷 Britons · Argentina
760
-35
Oguz CareVia
5:52 Loom
12:10 Feudal Age
13:30 Double-Bit Axe
19:03 Castle Age
17:34 Stone Mining
19:05 Gold Mining
22:34 Horse Collar
28:20 Wheelbarrow
28:00 Bow Saw
29:31 Ballistics
33:15 Imperial Age
31:27 Gold Shaft Mining
30:54 Heavy Plow
31:04 Padded Archer Armor
30:55 Fletching
32:35 Leather Archer Armor
32:28 Steppe Husbandry
35:19 Scale Barding Armor
35:25 Forging
35:10 Bodkin Arrow
36:36 Chemistry
35:48 Masonry
35:33 Murder Holes
35:15 Light Cavalry
36:33 Bloodlines
37:29 Chain Barding Armor
38:41 Iron Casting
39:09 Conscription
39:12 Hussar
maxibustos1985
4:30 Loom
12:26 Feudal Age
14:09 Gold Mining
16:13 Double-Bit Axe
17:46 Wheelbarrow
18:47 Horse Collar
19:06 Stone Mining
21:40 Padded Archer Armor
21:30 Fletching
26:04 Castle Age
25:16 Padded Archer Armor
25:07 Fletching
25:23 Scale Barding Armor
27:45 Hand Cart
27:17 Town Watch
29:00 Gold Shaft Mining
28:50 Bow Saw
29:55 Forging
29:46 Scale Mail Armor
30:53 Yeomen
31:18 Iron Casting
31:48 Chain Mail Armor
32:52 Leather Archer Armor
36:25 Chain Barding Armor
36:01 Bodkin Arrow
36:18 Husbandry
49:08 Town Patrol
Jeronimoo
5:31 Loom
12:52 Feudal Age
13:15 Horse Collar
13:26 Double-Bit Axe
13:35 Gold Mining
21:15 Castle Age
20:58 Wheelbarrow
22:07 Heavy Plow
22:20 Bow Saw
22:48 Gold Shaft Mining
22:51 Husbandry
23:31 Scale Barding Armor
25:01 Chain Barding Armor
25:39 Forging
26:14 Stone Mining
27:32 Iron Casting
28:19 Hand Cart
32:13 Stone Shaft Mining
32:20 Fletching
33:17 Bodkin Arrow
SerMan911
0:35 Loom
14:59 Feudal Age
21:51 Castle Age
21:09 Wheelbarrow
20:10 Man-at-Arms
20:53 Stone Mining
21:03 Double-Bit Axe
21:59 Gold Mining
22:24 Forging
22:15 Scale Mail Armor
23:37 Squires
23:13 Long Swordsman
25:05 Bow Saw
28:42 Hand Cart
29:31 Iron Casting
32:37 Stone Shaft Mining
35:09 Imperial Age
33:21 Horse Collar
34:06 Chain Mail Armor
33:42 Fletching
34:53 Heavy Plow
34:22 Pikeman
36:11 Perfusion
36:32 Conscription
35:41 Two-Handed Swordsman
36:27 Champion
43:52 Blast Furnace
43:47 Halberdier
45:51 Town Watch
51:28 Bodkin Arrow
oO COOLJT Oo
10:15 Loom
14:37 Feudal Age
16:32 Horse Collar
19:49 Castle Age
18:08 Double-Bit Axe
18:40 Scale Barding Armor
19:12 Scale Mail Armor
19:25 Forging
24:28 Bow Saw
27:35 Heavy Plow
28:06 Chain Barding Armor
33:10 Imperial Age
31:09 Husbandry
31:20 Bloodlines
34:12 Chain Mail Armor
33:53 Cavalier
36:29 Plate Barding Armor
36:06 Caravan
36:37 Coinage
35:46 Paladin
38:29 Wheelbarrow
37:40 Town Watch
43:05 Plate Mail Armor
47:21 Thumb Ring
50:34 Padded Archer Armor
50:24 Fletching
MandleMagenbrot
2:03 Loom
10:22 Feudal Age
11:02 Double-Bit Axe
11:49 Town Watch
13:52 Gold Mining
15:20 Stone Mining
19:47 Castle Age
19:56 Forging
19:46 Scale Mail Armor
20:14 Padded Archer Armor
21:04 Crossbowman
22:52 Bow Saw
23:00 Pikeman
28:44 Wheelbarrow
30:47 Iron Casting
30:28 Leather Archer Armor
30:03 Fletching
30:19 Scale Barding Armor
33:12 Hand Cart
33:15 Fortified Wall
33:26 Ballistics
33:23 Husbandry
33:37 Squires
37:15 Imperial Age
36:16 Chain Barding Armor
36:13 Chain Mail Armor
36:05 Arson
37:59 Cavalier
40:38 Hoardings
40:17 Elite Skirmisher
41:47 Halberdier
44:26 Gold Shaft Mining
44:34 Plate Barding Armor
45:00 Blast Furnace
44:30 Plate Mail Armor
44:57 Paladin
49:05 Bodkin Arrow
49:22 Masonry
51:35 Architecture
51:02 Murder Holes
aupaathletic
0:27 Loom
9:55 Feudal Age
10:28 Double-Bit Axe
11:35 Horse Collar
19:45 Castle Age
18:01 Gold Mining
18:31 Town Watch
21:01 Wheelbarrow
20:59 Scale Barding Armor
21:11 Heavy Plow
21:57 Bow Saw
21:54 Stone Mining
24:45 Hand Cart
25:46 Husbandry
26:18 Forging
29:56 Gold Shaft Mining
34:00 Imperial Age
31:50 Bloodlines
32:06 Padded Archer Armor
33:36 Chain Barding Armor
33:45 Ballistics
34:13 Scale Mail Armor
34:30 Leather Archer Armor
34:06 Fletching
34:17 Heavy Camel Rider
35:29 Conscription
42:27 Chain Mail Armor
42:48 Elite Janissary
45:48 Plate Barding Armor
45:44 Plate Mail Armor
45:49 Iron Casting
45:45 Ring Archer Armor
coolsymbios
10:59 Feudal Age
11:26 Double-Bit Axe
11:51 Horse Collar
15:22 Wheelbarrow
18:04 Castle Age
17:17 Forging
17:50 Fletching
19:05 Bow Saw
25:37 Elite Skirmisher
26:40 Bodkin Arrow
27:45 Iron Casting
30:56 Imperial Age
30:05 Chemistry
29:41 Scale Mail Armor
30:11 Wagenburg Tactics
30:11 Town Watch
31:30 Ballistics
31:10 Pikeman
32:23 Bracer
33:23 Blast Furnace
33:14 Chain Mail Armor
34:34 Elite Hussite Wagon
36:47 Halberdier
Connection lost

Rejoining the realm…

Still unreachable

The connection could not be restored.

Session expired

The server has moved on; the page needs a fresh start.